SNL (28 & UNDER)
MEMPHIS BLUES @ MONTGOMERY BISCUITS
05/28/2027
 
TOP OF THE 1ST
Memphis Blues batting - Pitching for Montgomery Biscuits : LHP Orlando Costa
Pitching: LHP Orlando Costa
Batting: RHB Peyton Pennington 0-0: Foul Ball, location: 2F
0-1: Ball
1-1: Ball
2-1: Swinging Strike
2-2: Foul Ball, location: 2F
2-2: Foul Ball, location: 2F
2-2: Ball
3-2: Foul Ball, location: 2F
3-2: Base on Balls
Batting: RHB Jaime Spiridon 0-0: Ball
1-0: Ball
2-0: Ball
3-0: Called Strike
3-1: Base on Balls
Peyton Pennington to second
Batting: RHB Sadao Kato 0-0: Grounds into double play, 6-4-3 (Groundball, 6)
Peyton Pennington to third
Batting: LHB Mark Folger 0-0: Fly out, F3 (Popup, 3L)
Top of the 1st over - 0 run(s), 0 hit(s), 0 error(s), 1 left on base; Memphis 0 - Montgomery 0
BOTTOM OF THE 1ST
Montgomery Biscuits batting - Pitching for Memphis Blues : RHP Bill Long
Pitching: RHP Bill Long
Batting: LHB Alberto Santos 0-0: Foul Ball, location: 2F
0-1: Ground out 1-3 (Groundball, P)
Batting: SHB Marvin López 0-0: Ball
1-0: Ball
2-0: Foul Ball, location: 2F
2-1: Ball
3-1: Swinging Strike
3-2: Ground out 6-3 (Groundball, 6)
Batting: SHB Terry O'Farrell 0-0: Called Strike
0-1: Swinging Strike
0-2: Strikes out looking
Bottom of the 1st over - 0 run(s), 0 hit(s), 0 error(s), 0 left on base; Memphis 0 - Montgomery 0
TOP OF THE 2ND
Memphis Blues batting - Pitching for Montgomery Biscuits : LHP Orlando Costa
Batting: LHB Alan McGilroy 0-0: Called Strike
0-1: Ball
1-1: Ball
2-1: Ball
3-1: Foul Ball, location: 2F
3-2: Base on Balls
Batting: RHB Glenn Melican 0-0: Ball
1-0: Ball
2-0: Ball
3-0: Called Strike
3-1: Foul Ball, location: 2F
3-2: Base on Balls
Alan McGilroy to second
Batting: RHB Artie Green 0-0: DOUBLE (Line Drive, 7LM)
Alan McGilroy scores
Glenn Melican to third
Batting: RHB Chase Mueller 0-0: Ball
1-0: Swinging Strike
1-1: Swinging Strike
1-2: Foul Ball, location: 2F
1-2: SINGLE (Line Drive, 4M)
Glenn Melican scores
Artie Green to third
Batting: RHB Salvador Mendoza 0-0: Foul Ball, location: 2F
0-1: Ball
1-1: Foul Ball, location: 2F
1-2: Ball
2-2: Ball
3-2: Foul Ball, location: 2F
3-2: Foul Ball, location: 2F
3-2: Foul Ball, location: 2F
3-2: DOUBLE (Line Drive, 7)
Artie Green scores
Chase Mueller to third
Batting: RHB Peyton Pennington 0-0: Called Strike
0-1: Foul Ball, location: 2F
0-2: Ground out 5-3 (Groundball, 56)
Chase Mueller scores
Batting: RHB Jaime Spiridon 0-0: Called Strike
0-1: Ball
1-1: Ball
2-1: Fly out, F9 (Flyball, 9)
Batting: RHB Sadao Kato 0-0: Ball
1-0: Fly out, F5 (Popup, 5D)
Top of the 2nd over - 4 run(s), 3 hit(s), 0 error(s), 1 left on base; Memphis 4 - Montgomery 0
BOTTOM OF THE 2ND
Montgomery Biscuits batting - Pitching for Memphis Blues : RHP Bill Long
Batting: LHB Curt Causton 0-0: Ball
1-0: Swinging Strike
1-1: Ball
2-1: Foul Ball, location: 2F
2-2: Ground out 4-3 (Groundball, 4)
Batting: RHB Carlos Vásquez 0-0: Ball
1-0: Swinging Strike
1-1: Ball
2-1: Ball
3-1: Foul Ball, location: 2F
3-2: Strikes out swinging
Batting: RHB Juan Díaz 0-0: Called Strike
0-1: Ground out 4-3 (Groundball, 4S)
Bottom of the 2nd over - 0 run(s), 0 hit(s), 0 error(s), 0 left on base; Memphis 4 - Montgomery 0
TOP OF THE 3RD
Memphis Blues batting - Pitching for Montgomery Biscuits : LHP Orlando Costa
Batting: LHB Mark Folger 0-0: Swinging Strike
0-1: Foul Ball, location: 2F
0-2: Foul Ball, location: 2F
0-2: Foul Ball, location: 2F
0-2: Ball
1-2: Ball
2-2: Strikes out swinging
Batting: LHB Alan McGilroy 0-0: Ball
1-0: Called Strike
1-1: Swinging Strike
1-2: Foul Ball, location: 2F
1-2: Foul Ball, location: 2F
1-2: Strikes out swinging
Batting: RHB Glenn Melican 0-0: Swinging Strike
0-1: Swinging Strike
0-2: Ball
1-2: Foul Ball, location: 2F
1-2: Reached on error, E3 (Line Drive, 3)
Batting: RHB Artie Green 0-0: Called Strike
0-1: Ball
1-1: Called Strike
1-2: Ball
2-2: Foul Ball, location: 2F
2-2: Strikes out swinging
Top of the 3rd over - 0 run(s), 0 hit(s), 1 error(s), 1 left on base; Memphis 4 - Montgomery 0
BOTTOM OF THE 3RD
Montgomery Biscuits batting - Pitching for Memphis Blues : RHP Bill Long
Batting: SHB Sean Moody 0-0: Ball
1-0: Ball
2-0: Ball
3-0: Called Strike
3-1: Base on Balls
Batting: RHB Rusty Downy 0-0: Ball
1-0: Ball
2-0: Fly out, F8 (Flyball, 8RM)
Batting: SHB Jack Estes 0-0: Ball
1-0: Foul Ball, location: 2F
1-1: Ball
2-1: Ball
3-1: Called Strike
3-2: Base on Balls
Sean Moody to second
Batting: LHB Alberto Santos 0-0: Ball
1-0: Ball
2-0: Ball
3-0: Base on Balls
Sean Moody to third
Jack Estes to second
Batting: SHB Marvin López 0-0: Called Strike
0-1: Ball
1-1: Ball
2-1: Ball
3-1: SINGLE (Groundball, 34D)
Sean Moody scores
Jack Estes to third
Alberto Santos to second
Runner from 3rd tries for Home, SAFE, throw made home
Batting: SHB Terry O'Farrell 0-0: Ball
1-0: Ball
2-0: Ball
3-0: Called Strike
3-1: Swinging Strike
3-2: Foul Ball, location: 2F
3-2: Foul Ball, location: 2F
3-2: Strikes out swinging
Batting: LHB Curt Causton 0-0: Ball
1-0: Called Strike
1-1: Foul Ball, location: 2F
1-2: Ball
2-2: Ball
3-2: SINGLE (Groundball, 6MD)
Alberto Santos to third
Marvin López to second
Alberto Santos scores
Marvin López to third
Batting: RHB Carlos Vásquez 0-0: Ball
1-0: DOUBLE (Flyball, 78XD)
Marvin López scores
Curt Causton to third
Runner from 3rd tries for Home, SAFE, no throw
Batting: RHB Juan Díaz 0-0: Ball
1-0: Called Strike
1-1: Fly out, F9 (Flyball, 89S)
Bottom of the 3rd over - 5 run(s), 3 hit(s), 0 error(s), 1 left on base; Memphis 4 - Montgomery 5
TOP OF THE 4TH
Memphis Blues batting - Pitching for Montgomery Biscuits : LHP Orlando Costa
Batting: RHB Chase Mueller 0-0: Ball
1-0: TRIPLE (Line Drive, 9LS)
Batting: RHB Salvador Mendoza 0-0: Ball
1-0: Foul Ball, location: 2F
1-1: Swinging Strike
1-2: Strikes out swinging
Batting: RHB Peyton Pennington 0-0: Called Strike
0-1: Swinging Strike
0-2: Ball
1-2: Ball
2-2: Ground out 6-3 (Groundball, 6MS)
Chase Mueller scores
Batting: RHB Jaime Spiridon 0-0: Swinging Strike
0-1: Called Strike
0-2: Foul Ball, location: 2F
0-2: Strikes out swinging
Top of the 4th over - 1 run(s), 1 hit(s), 0 error(s), 0 left on base; Memphis 5 - Montgomery 5
BOTTOM OF THE 4TH
Montgomery Biscuits batting - Pitching for Memphis Blues : RHP Bill Long
Batting: SHB Sean Moody 0-0: Called Strike
0-1: Ball
1-1: Foul Ball, location: 2F
1-2: Strikes out swinging
Batting: RHB Rusty Downy 0-0: SINGLE (Groundball, 6MD)
Batting: SHB Jack Estes 0-0: Foul Ball, location: 2F
0-1: Ball
1-1: Ball
2-1: Ball
3-1: Called Strike
3-2: Foul Ball, location: 2F
3-2: Base on Balls
Rusty Downy to second
Batting: LHB Alberto Santos 0-0: Called Strike
0-1: Grounds into double play, 6-4-3 (Groundball, 6)
Bottom of the 4th over - 0 run(s), 1 hit(s), 0 error(s), 1 left on base; Memphis 5 - Montgomery 5
TOP OF THE 5TH
Memphis Blues batting - Pitching for Montgomery Biscuits : LHP Orlando Costa
Batting: RHB Sadao Kato 0-0: Fly out, F3 (Popup, 3L)
Batting: LHB Mark Folger 0-0: Called Strike
0-1: Swinging Strike
0-2: Ball
1-2: Ball
2-2: Fly out, F4 (Line Drive, 34)
Batting: LHB Alan McGilroy 0-0: Called Strike
0-1: Foul Ball, location: 2F
0-2: SINGLE (Line Drive, 89M)
Pitching: LHP Tony García
Batting: RHB Glenn Melican 0-0: Ball
1-0: Foul Ball, location: 2F
1-1: Ball
2-1: Ball
3-1: Fly out, F6 (Line Drive, 56)
Top of the 5th over - 0 run(s), 1 hit(s), 0 error(s), 1 left on base; Memphis 5 - Montgomery 5
BOTTOM OF THE 5TH
Montgomery Biscuits batting - Pitching for Memphis Blues : RHP Bill Long
Batting: SHB Marvin López 0-0: Foul Ball, location: 2F
0-1: Ball
1-1: Ball
2-1: Foul Ball, location: 2F
2-2: Ball
3-2: Foul Ball, location: 2F
3-2: Base on Balls
Batting: SHB Terry O'Farrell 0-0: Ball
1-0: Foul Ball, location: 2F
1-1: Foul Ball, location: 2F
1-2: Fielders Choice at 2nd, 3-6 (Groundball, 3)
Batting: LHB Curt Causton 0-0: Ball
1-0: Called Strike
1-1: Ball
2-1: DOUBLE (Flyball, 8LXD)
Terry O'Farrell to third
Pitching: LHP António Dávila
Batting: RHB Carlos Vásquez 0-0: Ball
1-0: Ball
2-0: Called Strike
2-1: Called Strike
2-2: Fly out, F8 (Flyball, 8RXD)
Runner from 3rd tags up, SCORES, no throw
Batting: RHB Juan Díaz 0-0: Ball
1-0: Ball
2-0: Foul Ball, location: 2F
2-1: Ball
3-1: Base on Balls
Batting: SHB Sean Moody 0-0: Ball
1-0: Ball
2-0: Called Strike
2-1: Fly out, F8 (Flyball, 8LM)
Bottom of the 5th over - 1 run(s), 1 hit(s), 0 error(s), 2 left on base; Memphis 5 - Montgomery 6
TOP OF THE 6TH
Memphis Blues batting - Pitching for Montgomery Biscuits : LHP Tony García
Batting: RHB Artie Green 0-0: Called Strike
0-1: Foul Ball, location: 2F
0-2: Strikes out swinging
Batting: RHB Chase Mueller 0-0: Called Strike
0-1: Foul Ball, location: 2F
0-2: Ball
1-2: Foul Ball, location: 2F
1-2: Fly out, F8 (Flyball, 89S)
Batting: RHB Salvador Mendoza 0-0: Ball
1-0: Ball
2-0: Called Strike
2-1: Ball
3-1: Base on Balls
Batting: RHB Peyton Pennington 0-0: Ball
1-0: Ball
2-0: Ball
3-0: Base on Balls
Salvador Mendoza to second
Batting: RHB Jaime Spiridon 0-0: Ball
1-0: Called Strike
1-1: Foul Ball, location: 2F
1-2: Ball
2-2: Foul Ball, location: 2F
2-2: Ball
3-2: Fly out, F8 (Flyball, 8RS)
Top of the 6th over - 0 run(s), 0 hit(s), 0 error(s), 2 left on base; Memphis 5 - Montgomery 6
BOTTOM OF THE 6TH
Montgomery Biscuits batting - Pitching for Memphis Blues : LHP António Dávila
Batting: RHB Rusty Downy 0-0: Ball
1-0: SOLO HOME RUN (Flyball, 9D), Distance : 372 ft
Batting: SHB Jack Estes 0-0: Ball
1-0: SINGLE (Groundball, 56D)
Batting: LHB Alberto Santos 0-0: Called Strike
Jack Estes steals 2nd base
0-1: Ball
1-1: Ball
2-1: Ground out 6-3 (Groundball, 6)
Batting: SHB Marvin López 0-0: Called Strike
0-1: Ball
1-1: Called Strike
1-2: Strikes out swinging
Batting: SHB Terry O'Farrell 0-0: Ball
1-0: DOUBLE (Line Drive, 7LM)
Jack Estes scores
Pinch Runner at 2nd José Montoya:
Batting: LHB Curt Causton 0-0: Called Strike
0-1: Ball
1-1: Ball
2-1: Swinging Strike
2-2: Strikes out swinging
Bottom of the 6th over - 2 run(s), 3 hit(s), 0 error(s), 1 left on base; Memphis 5 - Montgomery 8
TOP OF THE 7TH
Memphis Blues batting - Pitching for Montgomery Biscuits : LHP Tony García
Batting: RHB Sadao Kato 0-0: Foul Ball, location: 2F
0-1: Foul Ball, location: 2F
0-2: Ball
1-2: Ball
2-2: Fly out, F9 (Flyball, 9)
Batting: LHB Mark Folger 0-0: Called Strike
0-1: Ball
1-1: Ball
2-1: Swinging Strike
2-2: Strikes out swinging
Batting: LHB Alan McGilroy 0-0: Ball
1-0: Foul Ball, location: 2F
1-1: Called Strike
1-2: Foul Ball, location: 2F
1-2: Strikes out swinging
Top of the 7th over - 0 run(s), 0 hit(s), 0 error(s), 0 left on base; Memphis 5 - Montgomery 8
BOTTOM OF THE 7TH
Montgomery Biscuits batting - Pitching for Memphis Blues : LHP António Dávila
Batting: RHB Carlos Vásquez 0-0: Ball
1-0: Ball
2-0: SOLO HOME RUN (Flyball, 7LD), Distance : 329 ft
Batting: RHB Juan Díaz 0-0: Ball
1-0: Called Strike
1-1: Ball
2-1: Called Strike
2-2: Ball
3-2: Base on Balls
Batting: SHB Sean Moody 0-0: Ball
1-0: Grounds into double play, 5-4-3 (Groundball, 56)
Pitching: RHP Dustin Taylor
Batting: RHB Rusty Downy 0-0: Ball
1-0: Foul Ball, location: 2F
1-1: Ball
2-1: SINGLE (Line Drive, 6MD)
Batting: SHB Jack Estes 0-0: Ball
1-0: Foul Ball, location: 2F
1-1: Ball
2-1: 2-RUN HOME RUN (Flyball, 7D), Distance : 386 ft
Batting: LHB Alberto Santos 0-0: SINGLE (Line Drive, 89M)
Batting: SHB Marvin López 0-0: Fielders Choice at 2nd, 4-6 (Groundball, 34)
Bottom of the 7th over - 3 run(s), 4 hit(s), 0 error(s), 0 left on base; Memphis 5 - Montgomery 11
TOP OF THE 8TH
Memphis Blues batting - Pitching for Montgomery Biscuits : LHP Tony García
Batting: RHB Glenn Melican 0-0: Ball
1-0: Fly out, F8 (Flyball, 8RD)
Batting: RHB Artie Green 0-0: Foul Ball, location: 2F
0-1: Called Strike
0-2: Ball
1-2: Strikes out swinging
Batting: RHB Chase Mueller 0-0: Ball
1-0: Foul Ball, location: 2F
1-1: Ball
2-1: Foul Ball, location: 2F
2-2: Foul Ball, location: 2F
2-2: Strikes out swinging
Top of the 8th over - 0 run(s), 0 hit(s), 0 error(s), 0 left on base; Memphis 5 - Montgomery 11
BOTTOM OF THE 8TH
Montgomery Biscuits batting - Pitching for Memphis Blues : RHP Dustin Taylor
Batting: RHB José Montoya 0-0: Called Strike
0-1: Ball
1-1: Ground out 6-3 (Groundball, 6M)
Batting: LHB Curt Causton 0-0: Called Strike
0-1: Fly out, F9 (Line Drive, 9)
Batting: RHB Carlos Vásquez 0-0: Foul Ball, location: 2F
0-1: Ball
1-1: Ball
2-1: Ground out 4-3 (Groundball, 4)
Bottom of the 8th over - 0 run(s), 0 hit(s), 0 error(s), 0 left on base; Memphis 5 - Montgomery 11
TOP OF THE 9TH
Memphis Blues batting - Pitching for Montgomery Biscuits : LHP Tony García
Now in RF: Brian MacIntosh
Batting: RHB Salvador Mendoza 0-0: Ball
1-0: Called Strike
1-1: Ball
2-1: Foul Ball, location: 2F
2-2: Strikes out swinging
Batting: RHB Peyton Pennington 0-0: Ball
1-0: Ball
2-0: Ball
3-0: Called Strike
3-1: Foul Ball, location: 2F
3-2: Ground out 6-3 (Groundball, 6)
Batting: RHB Jaime Spiridon 0-0: Ball
1-0: Ball
2-0: Foul Ball, location: 2F
2-1: Swinging Strike
2-2: Ball
3-2: Base on Balls
Batting: RHB Sadao Kato 0-0: Fly out, F9 (Flyball, 89M)
Top of the 9th over - 0 run(s), 0 hit(s), 0 error(s), 1 left on base; Memphis 5 - Montgomery 11
Thursday, March 30th, 2017 - OOTP Baseball 17.12 Build 75